2469 views
Uploaded 2020-12-12 17:48:09
Game version 1.32.9
26:00 long 1on1 ladder game on (2)EchoIsles
Saved by xzz
2469 views
Uploaded 2020-12-12 17:48:09
Game version 1.32.9
26:00 long 1on1 ladder game on (2)EchoIsles

38 units @ 5.2k
/ 0.3k
27 buildings @ 3.8k
/ 1.7k


| Scroll of Speed | 1 | 50 |
| Lesser Clarity Potion | 2 | 140 |
| Healing Salve | 2 | 200 |
| Potion of Healing | 1 | 150 |
| Potion of Mana | 1 | 200 |
| Scroll of Town Portal | 2 | 700 |
| Potion of Lesser Invulnerability | 1 | 150 |
| Scroll of Protection | 1 | 150 |
| total: | 11 | 1740g |
| Peon | 23 | 1725 | / | 0 |
| Grunt | 7 | 1400 | / | 0 |
| Spirit Walker | 1 | 195 | / | 35 |
| Wind Rider | 7 | 1855 | / | 280 |
| total: | 38 | 5175g | / | 315w |
| Watch Tower | 10 | 1100 | / | 800 |
| Altar of Storms | 1 | 180 | / | 50 |
| Orc Burrow | 11 | 1760 | / | 440 |
| Barracks | 1 | 180 | / | 50 |
| Voodoo Lounge | 1 | 130 | / | 30 |
| War Mill | 1 | 205 | / | 0 |
| Tauren Totem | 1 | 135 | / | 155 |
| Beastiary | 1 | 145 | / | 140 |
| Stronghold | 1 | 315 | / | 190 |
| Fortress | 1 | 325 | / | 190 |
| total: | 27 | 3835g | / | 1665w |
| 0:03 | Peon |
| 0:03 | Peon |
| 0:07 | Altar of Storms |
| 0:19 | Orc Burrow |
| 0:30 | Peon |
| 0:34 | Barracks |
| 0:43 | Peon |
| 0:52 | Peon |
| 1:00 | Peon |
| 1:27 | Orc Burrow |
| 1:35 | Grunt |
| 1:45 | Peon |
| 2:08 | Feral Spirit |
| 2:29 | Stronghold |
| 2:38 | Voodoo Lounge |
| 3:00 | Grunt |
| 3:09 | War Mill |
| 3:42 | Grunt |
| 3:56 | Chain Lighting |
| 4:05 | Grunt |
| 4:44 | Grunt |
| 4:50 | Peon |
| 5:05 | Peon |
| 5:05 | Peon |
| 5:07 | Watch Tower |
| 5:15 | Orc Burrow |
| 5:19 | Scroll of Speed |
| 5:25 | Lesser Clarity Potion |
| 5:35 | Berserker Strength |
| 6:18 | Feral Spirit |
| 6:44 | Watch Tower |
| 7:17 | Hex |
| 8:04 | Orc Burrow |
| 8:49 | Orc Burrow |
| 9:13 | Peon |
| 9:13 | Peon |
| 9:13 | Peon |
| 9:27 | Peon |
| 9:55 | Peon |
| 9:56 | Peon |
| 10:07 | Reinforced Defenses |
| 10:10 | Watch Tower |
| 10:20 | Tauren Totem |
| 10:54 | Chain Lighting |
| 10:59 | Watch Tower |
| 11:13 | Serpent Ward |
| 11:26 | Peon |
| 11:26 | Peon |
| 11:27 | Peon |
| 11:32 | Orc Burrow |
| 11:40 | Healing Salve |
| 12:35 | Peon |
| 12:35 | Peon |
| 12:38 | Watch Tower |
| 12:48 | Spirit Walker |
| 12:52 | Peon |
| 13:03 | Orc Burrow |
| 13:08 | Orc Burrow |
| 13:44 | Watch Tower |
| 13:48 | Spirit Walker Adept Training |
| 14:59 | Watch Tower |
| 15:05 | Peon |
| 15:26 | Watch Tower |
| 15:39 | Grunt |
| 15:39 | Grunt |
| 16:02 | Watch Tower |
| 16:23 | Fortress |
| 16:35 | Scroll of Town Portal |
| 17:06 | Watch Tower |
| 17:36 | Beastiary |
| 17:59 | Orc Burrow |
| 18:43 | Wind Rider |
| 18:43 | Wind Rider |
| 19:05 | Wind Rider |
| 19:27 | Orc Burrow |
| 19:42 | Scroll of Town Portal |
| 20:31 | Feral Spirit |
| 21:09 | Wind Rider |
| 21:09 | Wind Rider |
| 22:15 | Wind Rider |
| 22:30 | Orc Burrow |
| 22:36 | Lesser Clarity Potion |
| 22:44 | Potion of Healing |
| 22:44 | Potion of Mana |
| 22:53 | Healing Salve |
| 23:35 | Potion of Lesser Invulnerability |
| 23:35 | Scroll of Protection |
| 24:49 | Chain Lighting |
| 25:20 | Serpent Ward |
| 25:33 | Wind Rider |
| Right click | 794 |
| Select | 644 |
| Build/train/purchase | 97 |
| Use ability | 57 |
| Misc. action | 41 |
| Select group | 11 |
| Assign group | 4 |
| Remove unit | 3 |
50 units @ 5.8k
/ 0.1k
21 buildings @ 3.4k
/ 1k

| Potion of Healing | 1 | 150 |
| Sacrificial Skull | 2 | 100 |
| Scroll of Town Portal | 1 | 350 |
| Scroll of Healing | 1 | 250 |
| Potion of Lesser Invulnerability | 1 | 150 |
| Staff of Teleportation | 1 | 150 |
| total: | 7 | 1150g |
| Acolyte | 7 | 525 | / | 0 |
| Ghoul | 40 | 4800 | / | 0 |
| Gargoyle | 3 | 525 | / | 90 |
| total: | 50 | 5850g | / | 90w |
| Nerubian Tower | 3 | 300 | / | 60 |
| Spirit Tower | 3 | 435 | / | 120 |
| Crypt | 4 | 800 | / | 200 |
| Altar of Darkness | 1 | 180 | / | 50 |
| Ziggurat | 14 | 2100 | / | 700 |
| Tomb of Relics | 1 | 130 | / | 30 |
| Graveyard | 1 | 215 | / | 0 |
| Halls of the Dead | 1 | 320 | / | 210 |
| Black Citadel | 1 | 325 | / | 230 |
| total: | 21 | 3425g | / | 980w |
| 0:04 | Acolyte |
| 0:04 | Acolyte |
| 0:09 | Crypt |
| 0:13 | Altar of Darkness |
| 0:35 | Ziggurat |
| 0:56 | Crypt |
| 1:10 | Ghoul |
| 1:26 | Ziggurat |
| 1:38 | Ghoul |
| 1:55 | Ghoul |
| 1:59 | Ghoul |
| 2:21 | Ziggurat |
| 2:29 | Ghoul |
| 2:41 | Ghoul |
| 2:57 | Death Coil |
| 3:00 | Ghoul |
| 3:08 | Ghoul |
| 3:17 | Ghoul |
| 3:29 | Ghoul |
| 3:41 | Ghoul |
| 3:54 | Ghoul |
| 4:42 | Ghoul |
| 4:44 | Cannibalize |
| 4:46 | Halls of the Dead |
| 5:03 | Ghoul |
| 5:09 | Tomb of Relics |
| 5:18 | Ghoul |
| 5:35 | Graveyard |
| 5:52 | Ghoul |
| 6:48 | Unholy Aura |
| 7:35 | Ghoul |
| 7:38 | Nerubian Tower |
| 7:39 | Spirit Tower |
| 7:44 | Ziggurat |
| 7:46 | Nerubian Tower |
| 7:50 | Ghoul |
| 8:10 | Ghoul |
| 8:19 | Ghoul |
| 8:40 | Ghoul |
| 8:54 | Potion of Healing |
| 9:34 | Ghoul |
| 9:38 | Scroll of Town Portal |
| 10:00 | Ghoul |
| 10:22 | Black Citadel |
| 11:26 | Ghoul |
| 11:30 | Crypt |
| 11:47 | Ghoul |
| 11:58 | Ghoul |
| 12:08 | Ghoul |
| 12:43 | Ghoul Frenzy |
| 12:44 | Ghoul |
| 13:00 | Unholy Armor |
| 13:34 | Spirit Tower |
| 13:35 | Ghoul |
| 13:40 | Ziggurat |
| 14:49 | Unholy Aura |
| 14:55 | Ghoul |
| 15:07 | Crypt |
| 15:10 | Ghoul |
| 15:25 | Ghoul |
| 15:39 | Ghoul |
| 15:54 | Ghoul |
| 16:04 | Ghoul |
| 16:17 | Ghoul |
| 17:08 | Improved Unholy Armor |
| 17:20 | Potion of Lesser Invulnerability |
| 17:23 | Staff of Teleportation |
| 17:44 | Acolyte |
| 17:53 | Sacrificial Skull |
| 17:59 | Sacrificial Skull |
| 18:25 | Ghoul |
| 18:33 | Ziggurat |
| 18:59 | Ziggurat |
| 19:00 | Ziggurat |
| 19:01 | Ziggurat |
| 19:25 | Nerubian Tower |
| 19:40 | Ziggurat |
| 20:34 | Death Coil |
| 21:05 | Spirit Tower |
| 21:18 | Gargoyle |
| 21:38 | Ghoul |
| 22:13 | Acolyte |
| 22:13 | Acolyte |
| 22:13 | Acolyte |
| 22:19 | Ziggurat |
| 22:19 | Ziggurat |
| 22:19 | Ziggurat |
| 22:39 | Ghoul |
| 22:56 | Ziggurat |
| 23:04 | Acolyte |
| 23:19 | Scroll of Healing |
| 23:43 | Gargoyle |
| 25:00 | Gargoyle |
| 25:47 | Ghoul |
| Right click | 1158 |
| Select | 454 |
| Select group | 125 |
| Build/train/purchase | 82 |
| Assign group | 36 |
| Use ability | 28 |
| Misc. action | 17 |
| Esc | 4 |